 Dungeon Crawl Stone Soup version 0.31.0-12-g77e489cdc1 (webtiles) character file.

Game seed: 8741219082051262400

3266 dognuk the Protected (level 9, -2/80 HPs)
             Began as a Minotaur Berserker on Feb 19, 2024.
             Was a Priest of Trog.
             Slain by a spriggan
             ... wielding a +0 short sword
              (8 damage)
             ... on level 7 of the Dungeon.
             The game lasted 00:22:15 (6651 turns).

dognuk the Protected (Minotaur Berserker)           Turns: 6651, Time: 00:22:16

Health: -2/80      AC: 19    Str: 29    XL:     9   Next: 68%
Magic:  8/8        EV: 11    Int:  3    God:    Trog [***...]
Gold:   285        SH:  0    Dex: 10    Spells: 8/8 levels left

rFire   . . .        a - +0 hand axe
rCold   . . .        (no shield)
rNeg    . . .        r - +0 chain mail
rPois   .            (helmet restricted)
rElec   .            k - scarf {repulsion}
rCorr   .            z - +0 pair of gloves
SInv    .            v - +0 pair of boots
Will    ++...        h - amulet of the acrobat Stlth
                     u - +4 ring of protection
HPRegen 1.33/turn    (no ring)
MPRegen 0.11/turn

%: repel missiles, acrobat
@: strong-willed, on berserk cooldown, regenerating, slowed, studying Armour,
very slow
A: horns 2, retaliatory headbutt, strong 1
a: Renounce Religion, Berserk, Trog's Hand


You were on level 7 of the Dungeon.
You worshipped Trog.
Trog was most pleased with you.
You visited 1 branch of the dungeon, and saw 8 of its levels.

You collected 337 gold pieces.
You spent 52 gold pieces at shops.

Inventory:

Hand Weapons
 a - a +0 hand axe (weapon)
 i - a +0 shortbow
 l - a +3 hammer
 o - a +4 dagger
 s - a +4 whip
 x - a +2 dagger of freezing
 B - a +4 dagger of holy wrath
Armour
 k - a scarf of repulsion (worn)
 q - a +0 cloak
 r - a +0 chain mail (worn)
 v - a +0 pair of boots (worn)
 z - a +0 pair of gloves (worn)
Jewellery
 h - an amulet of the acrobat (around neck)
 u - a +4 ring of protection (left hand)
Wands
 y - a wand of charming (7)
Scrolls
 f - 3 scrolls of poison {unknown}
 g - 2 scrolls of teleportation {unknown}
 m - 4 scrolls of fear
 w - a scroll of enchant weapon {unknown}
Potions
 b - 2 potions of curing
 c - 3 potions of enlightenment
 d - 3 potions of might
 e - 3 potions of heal wounds
 j - a potion of mutation
 n - a potion of lignification {unknown}
 p - a potion of brilliance {unknown}
 t - 2 potions of degeneration {unknown}


   Skills:
 + Level 7.7 Fighting
 + Level 9.9 Axes
 + Level 5.4 Ranged Weapons
 + Level 11.8 Armour
 + Level 4.8 Dodging
 + Level 1.9 Stealth


You had 8 spell levels left.
You didn't know any spells.
Your spell library was empty.

Dungeon Overview and Level Annotations

Branches:
Dungeon (8/15)             Temple (0/1) D:5
   Lair: D:8-11

Altars:
Cheibriados
Elyvilon

Shops:
D:1 ?


Innate Abilities, Weirdness & Mutations

You have a pair of horns on your head.
You reflexively headbutt those who attack you in melee.
Your muscles are strong. (Str +4, Int/Dex -1)


Message History

The two-headed ogre hits you with a +0 giant club!
* * * LOW HITPOINT WARNING * * *
You slash the two-headed ogre!
The two-headed ogre is severely wounded.
The two-headed ogre hits you but does no damage.
The two-headed ogre hits you with a +0 giant club.
* * * LOW HITPOINT WARNING * * *
You hit the two-headed ogre.
Your headbutt misses the two-headed ogre.
The two-headed ogre is almost dead.
You slash the two-headed ogre!
You kill the two-headed ogre!
Trog accepts your kill.
Your Armour skill increases to level 11!
Items here: )))).
You start resting.
A spriggan is nearby!
A spriggan is nearby!
The spriggan shouts!
The spriggan misses you. x2
Your skin crawls.
You feel strong-willed. The spriggan closely misses you.
You hit the spriggan.
The spriggan is moderately wounded.
The spriggan hits you with a +0 short sword.
* * * LOW HITPOINT WARNING * * *
The spriggan hits you with a +0 short sword!
* * * LOW HITPOINT WARNING * * *
You miss the spriggan.
The spriggan is lightly wounded.
The spriggan closely misses you. You furiously retaliate!
You headbutt the spriggan! The spriggan blocks your attack.
The spriggan is severely wounded.
The spriggan hits you but does no damage.
You hit the spriggan.
The spriggan is severely wounded.
The spriggan hits you with a +0 short sword!
You die...

#.........######....[##
#.........# #####.#
#.........# #.##
###....#### #..#
####.##.# ##.#
#....##.# #.. ###..##.#
##) ##.##.### ##))
#...@i.# #... ###.##.#
##.#. #)##.### ##..##
#......## #.)##
####.#..## #.##
#.##..#####.#
#.###.#.....# #O#
#.#.....# #.# #......##


You could see a spriggan.

Vanquished Creatures
  2 two-headed ogres (D:7)
  A water moccasin (D:7)
  4 centaurs
  An ice beast (D:6)
  An ogre (D:5)
  A phantom (D:5)
  2 kobold brigands
  A gnoll sergeant (D:7)
  3 bullfrogs
  2 scorpions (D:5)
  5 killer bees (D:7)
  A howler monkey (D:5)
  2 jellies
  3 hounds
  2 bombardier beetles
  Crazy Yiuf (D:6)
  A gnoll bouda (D:6)
  Ijyb (D:5)
  Terence (D:2)
  2 iguanas
  2 orc wizards (D:6)
  11 gnolls
  7 adders
  A river rat (D:5)
  2 white imps
  2 ribbon worms (D:4)
  4 orcs
  3 bats (D:1)
  2 endoplasms
  2 giant cockroaches (D:1)
  2 goblins
  3 hobgoblins
  3 jackals (D:2)
  19 kobolds
  3 quokkas
  3 ball pythons
  6 frilled lizards
  10 rats
122 creatures vanquished.

Vanquished Creatures (others)
  An orc wizard (D:6)
1 creature vanquished.

Grand Total: 123 creatures vanquished

Notes
Turn   | Place    | Note
-------+----------+-------------------------------------------
     0 | D:1      | dognuk the Minotaur Berserker began the quest for the Orb.
     0 | D:1      | Reached XP level 1. HP: 19/19 MP: 0/0
     6 | D:1      | Noticed an iguana
     6 | D:1      | Noticed an eight-headed hydra
     6 | D:1      | Noticed a mana viper
     7 | D:1      | Noticed a polar bear
     7 | D:1      | Noticed a redback
    94 | D:1      | Found a faded altar of an unknown god.
   352 | D:1      | Found Doas's Magic Scroll Shop.
   435 | D:1      | Reached XP level 2. HP: 27/27 MP: 1/1
   873 | D:1      | Bought a scroll of identify for 26 gold pieces
   873 | D:1      | Bought a scroll of identify for 26 gold pieces
  1007 | D:2      | Noticed Terence
  1015 | D:2      | Killed Terence
  1016 | D:2      | Reached XP level 3. HP: 25/34 MP: 2/2
  1305 | D:2      | Reached XP level 4. HP: 41/41 MP: 3/3
  1771 | D:3      | Found a white marble altar of Elyvilon.
  1988 | D:3      | Reached ** piety under Trog
  2021 | D:3      | Reached skill level 3 in Armour
  2882 | D:4      | Reached skill level 5 in Fighting
  2882 | D:4      | Reached skill level 5 in Axes
  2882 | D:4      | Reached XP level 5. HP: 39/48 MP: 4/4
  3017 | D:4      | Reached skill level 4 in Armour
  3017 | D:4      | Reached XP level 6. HP: 35/56 MP: 5/5
  3067 | D:5      | Entered Level 5 of the Dungeon
  3098 | D:5      | Reached skill level 1 in Stealth
  3153 | D:4      | Gained mutation: Your muscles are strong. (Str +4, Int/Dex
                  | -1) [potion of mutation]
  3521 | D:5      | You fall into a shaft and drop 2 floors!
  3601 | D:6      | Reached skill level 5 in Armour
  3725 | D:6      | Found a runed translucent door.
  3726 | D:6      | Noticed Crazy Yiuf
  3736 | D:6      | Killed Crazy Yiuf
  3869 | D:6      | Reached XP level 7. HP: 61/61 MP: 6/6
  3987 | D:5      | Found a snail-covered altar of Cheibriados.
  3989 | D:5      | Reached skill level 6 in Armour
  4070 | D:5      | Found a staircase to the Ecumenical Temple.
  4092 | D:5      | Reached skill level 7 in Armour
  4209 | D:5      | Reached XP level 8. HP: 71/71 MP: 7/7
  4341 | D:5      | Noticed Ijyb
  4372 | D:5      | Killed Ijyb
  4798 | D:6      | Reached skill level 8 in Armour
  5107 | D:6      | Reached *** piety under Trog
  5695 | D:6      | Reached skill level 1 in Ranged Weapons
  6144 | D:7      | Reached skill level 9 in Armour
  6161 | D:7      | Reached XP level 9. HP: 79/79 MP: 8/8
  6605 | D:7      | Noticed a two-headed ogre
  6605 | D:7      | Noticed a two-headed ogre
  6626 | D:7      | Killed a two-headed ogre
  6627 | D:7      | Reached skill level 5 in Ranged Weapons
  6627 | D:7      | Reached skill level 10 in Armour
  6631 | D:7      | HP: 2/79 [two-headed ogre/+0 giant club (10)]
  6634 | D:7      | Killed a two-headed ogre
  6635 | D:7      | Reached skill level 11 in Armour
  6648 | D:7      | HP: 2/80 [spriggan/+0 short sword (7)]
  6651 | D:7      | Slain by a spriggan

Illustrated notes

Levels and vault maps discovered:
D:1:      onia_arrival_zoo_common, layout_basic, ebering_ecumenical_altar_rust,
          serial_shops, nicolae_shop_tiny_glass
D:2:      layout_rooms, nicolae_figureground_pulse, uniq_terence
D:3:      layout_basic, elyvilon_altar_1, lexackson_kobold_supper
D:4:      layout_cave_pools
D:5:      layout_cave_pools, slow_altar_1, minmay_temple_entry_junction,
          portal_sewer_entry_e, kennysheep_generic_room_11, uniq_ijyb
D:6:      nicolae_whirlpool, layout_basic, uniq_crazy_yiuf_cottage
D:7:      layout_rooms, hellmonk_guarded_unrand_gyre_and_gimble, uniq_jeremiah,
          uniq_menkaure
D:8:      layout_loops_ring, uniq_grum

Skill      XL: |  1  2  3  4  5  6  7  8  9 |
---------------+----------------------------+-----
Fighting       | 4 5 6 7 |  7.7
Axes           | 4 5 6 7 8 9 |  9.9
Dodging        | 3 4 |  4.8
Armour         | 3 4 5 7 9 11 | 11.8
Stealth        | 1 |  1.9
Ranged Weapons | 4 5 |  5.4

Action                     |  1- 3 |  4- 6 |  7- 9 || total
---------------------------+-------+-------+-------++-------
  Melee: Hand axe          |    34 |   124 |   176 ||   334
         Headbutt          |     4 |    25 |    22 ||    51
         Punch             |       |       |     2 ||     2
   Fire: Shortbow          |       |       |    36 ||    36
 Invoke: Berserk           |       |     2 |     3 ||     5
         Trog's Hand       |       |       |     1 ||     1
    Use: Scroll            |     1 |     6 |       ||     7
         Potion            |       |     1 |       ||     1
   Stab: Sleeping          |     1 |       |       ||     1
 Armour: Animal skin       |    13 |       |       ||    13
         Leather armour    |     2 |    25 |       ||    27
         Chain mail        |       |    44 |   193 ||   237
  Dodge: Dodged            |    25 |    96 |   259 ||   380
         Repelled          |       |       |     7 ||     7
